 Dungeon Crawl Stone Soup version 0.29-a0-555-g3b24f45cc1 (webtiles) character file.

Game seed: 16482701528243735428

254 xash the Shooter (level 6, 0/56 HPs)
             Began as a Naga Hunter on June 8, 2022.
             Slain by a quokka (2 damage)
             ... on level 4 of the Dungeon.
             The game lasted 00:08:29 (3528 turns).

xash the Shooter (Naga Hunter)                      Turns: 3528, Time: 00:08:30

Health: 0/56       AC:  5    Str: 13    XL:     6   Next: 14%
Magic:  6/6        EV: 10    Int: 10    God:
Gold:   107        SH:  0    Dex: 22    Spells: 5/5 levels left

rFire   . . .      SeeInvis +   a - +1 shortbow
rCold   . . .      Faith    .   (shield currently unavailable)
rNeg    . . .      Spirit   .   b - +0 leather armour
rPois   +          Reflect  .   q - +1 hat
rElec   .          Harm     .   (no cloak)
rCorr   .          Rampage  .   n - +0 pair of gloves
Will    .....                   (no barding)
Stlth   +++.......              (no amulet)
HPRegen 0.18/turn               r - +6 ring of dexterity
MPRegen 0.10/turn               (no ring)

@: on berserk cooldown, hasted and slowed, very slow
A: AC +2, large, see invisible, deformed body, poison resistance, slowness 2,
spit poison 1, naga tail 1
a: Spit Poison


You were on level 4 of the Dungeon.
You visited 1 branch of the dungeon, and saw 5 of its levels.

You collected 107 gold pieces.

Inventory:

Hand Weapons
 a - a +1 shortbow (weapon)
 e - a +0 dagger
Armour
 b - a +0 leather armour (worn)
 n - a +0 pair of gloves (worn)
 q - a +1 hat (worn)
Jewellery
 r - a +6 ring of dexterity (left hand)
Scrolls
 c - 3 scrolls of immolation
 f - a scroll of identify
 h - a scroll of teleportation {unknown}
 j - a scroll of amnesia {unknown}
 k - 2 scrolls of noise
 o - a scroll of fog
 p - a scroll of silence {unknown}
 u - a scroll of torment {unknown}
Potions
 d - a potion of heal wounds {unknown}
 g - a potion of degeneration {unknown}
 i - a potion of might {unknown}
 l - a potion of haste
 m - a potion of berserk rage
 s - a potion of lignification {unknown}
 t - a potion of attraction {unknown}


   Skills:
 + Level 3.2 Fighting
 * Level 5.1 Bows
 + Level 2.4 Dodging
 + Level 4.4 Stealth


You had 5 spell levels left.
You didn't know any spells.
Your spell library contained the following spells:

 Spells                   Type           Power      Damage    Failure   Level
 Magic Dart               Conj           0%         1d3       43%         1
 Call Imp                 Summ           0%         N/A       58%         2
 Mephitic Cloud           Conj/Pois/Air  0%         N/A       82%         3


Dungeon Overview and Level Annotations

Branches:
Dungeon (5/15)
 Temple: D:4-7

Altars:

Shops:
D:4 !


Innate Abilities, Weirdness & Mutations

Your serpentine skin is tough. (AC +2)
You have supernaturally acute eyesight. (SInv)
Armour fits poorly on your strangely shaped body.
Your system is resistant to poisons. (rPois)
You cover ground very slowly.
You can spit poison.
You have a snake-like lower body.


Message History

There is a stone staircase leading up here.
Unknown command.
Unknown command.
The quokka bites you but does no damage.
The quokka barely misses you.
The gnoll shouts!
You climb upwards.
The orc hits you with a +0 flail. The orc closely misses you.
The orc hits you from afar with a +0 trident.
There is a stone staircase leading down here.
As you read the scroll labelled QOEXYSMOJUNG, it crumbles to dust.
It is a scroll of identify.
k - 2 scrolls of noise The quokka barely misses you.
The orc barely misses you. The orc hits you with a +0 flail.
* * * LOW HITPOINT WARNING * * *
As you read the scroll of identify, it crumbles to dust.
o - a scroll of fog The quokka barely misses you.
The orc hits you from afar with a +0 trident.
* * * LOW HITPOINT WARNING * * *
The orc closely misses you.
It was a potion of haste.
You feel yourself speed up. The quokka barely misses you.
The orc hits you from afar with a +0 trident!
* * * LOW HITPOINT WARNING * * *
The orc hits you but does no damage.
It was a potion of berserk rage.
A red film seems to cover your vision as you go berserk!
You feel yourself moving faster!
You feel mighty! The quokka barely misses you.
Unknown command.
Unknown command.
Unknown command.
You feel a strong urge to attack something.
You feel your anger nearly subside.
You are no longer berserk.
You are exhausted.
You feel yourself slow down. The quokka bites you.
* * * LOW HITPOINT WARNING * * *
The quokka bites you.
You die...

...# #o# ##.## #.##
#.######## #.# #.#
#.#..)...# #.# #.#
#########.#.####o# #.#
#.####...........# #.# #.#
#..........#.....####o###.#
######.###.#.....#.o......#
#.# #.#.#.#.#o##.##### #.#
#......@r.##.# #.#
###.#.#.####.#
#.#####.#.#......#
#.......#.########
#########.# #(# #.#
#.######### #.#.......#


You could see an orc priest, 2 orcs and a quokka.

Vanquished Creatures
  A scorpion (D:4)
  A hound (D:4)
  8 gnolls (D:4)
  2 adders
  A dart slug (D:2)
  2 orcs (D:4)
  2 bats (D:3)
  6 endoplasms
  5 giant cockroaches
  9 goblins
  6 hobgoblins
  3 quokkas
  7 ball pythons
  2 frilled lizards (D:3)
  3 kobolds
  6 rats
64 creatures vanquished.

Notes
Turn   | Place    | Note
-------+----------+-------------------------------------------
     0 | D:1      | xash the Naga Hunter began the quest for the Orb.
     0 | D:1      | Reached XP level 1. HP: 19/19 MP: 1/1
   198 | D:1      | Reached XP level 2. HP: 26/26 MP: 2/2
   533 | D:1      | Found a faded altar of an unknown god.
   780 | D:1      | Reached skill level 4 in Bows
  1102 | D:2      | Reached XP level 3. HP: 33/33 MP: 3/3
  1960 | D:3      | Reached XP level 4. HP: 22/40 MP: 4/4
  2958 | D:4      | Found Vatoros's Distillery.
  3045 | D:4      | Noticed a scorpion
  3058 | D:4      | Killed a scorpion
  3059 | D:4      | Reached XP level 5. HP: 48/48 MP: 5/5
  3213 | D:4      | Reached skill level 5 in Bows
  3273 | D:4      | Reached XP level 6. HP: 37/56 MP: 6/6
  3517 | D:5      | Entered Level 5 of the Dungeon
  3526 | D:4      | HP: 1/56 [quokka (4)]
  3528 | D:4      | Slain by a quokka

Illustrated notes

Levels and vault maps discovered:
D:1:      lemuel_arrival_room, layout_basic,
          hellmonk_ecumenical_altar_heavens_door, minmay_worlds_worst_comb
D:2:      layout_basic
D:3:      layout_basic
D:4:      layout_loops_corners, serial_shops, nicolae_shop_window_shopping,
          uniq_blork_the_orc
D:5:      layout_cave_pools, lemuel_mausoleum_altar_yredelemnul,
          uniq_prince_ribbit1

Skill      XL: |  1  2  3  4  5 |
---------------+----------------+-----
Stealth        | 2 3 4 |  4.4
Bows           | 4 5 |  5.1
Dodging        | 2 |  2.4
Fighting       | 3 |  3.2

Action                   |  1- 3 |  4- 6 || total
-------------------------+-------+-------++-------
 Fire: Shortbow          |    85 |    74 ||   159
 Abil: Spit Poison       |     2 |     5 ||     7
  Use: Scroll            |       |     2 ||     2
       Potion            |       |     2 ||     2
Armor: Leather armour    |     5 |    11 ||    16
Dodge: Dodged            |    17 |    31 ||    48

Table legend: (Time is in decaauts)
 A = Elapsed time spent in this place.
 B = Non-inter-level travel time spent in this place.
 C = Inter-level travel time spent in this place.
 D = Time resting spent in this place.
 E = Time spent auto-exploring this place.
 F = Levels seen in this place.
 G = Mean time per level.
                   A        B        C        D        E       F      G
               +--------+--------+--------+--------+--------+-----+--------+
         Total |   4632 |   4498 |    134 |    350 |   3676 |   5 |  926.4 |
       Dungeon |   4632 |   4498 |    134 |    350 |   3676 |   5 |  926.4 |
               +--------+--------+--------+--------+--------+-----+--------+

Top non-repeatable levels by time:
     D:1: 1413 daAuts
     D:3: 1199 daAuts
     D:2: 1160 daAuts
     D:4: 858 daAuts
     D:5: 1 daAuts
